 Dungeon Sprint DCSS version 0.29.1-15-g9cfb28693d (webtiles) character file.

Game seed: 11452511232178226524

1630 Groucho the Covert (level 8, -4/36 HPs)
             Began as a Spriggan Earth Elementalist on Apr 27, 2023.
             Was a High Priest of Dithmenos.
             Killed from afar by a nagaraja (40 damage)
             ... with a poison arrow
             ... in the Dungeon (Sprint VII: "The Pits").
             The game lasted 00:03:16 (1005 turns).

Groucho the Covert (Spriggan Earth Elementalist)    Turns: 1005, Time: 00:03:16

Health: -4/36      AC:  3    Str:  6    XL:     8   Next: 65%
Magic:  19/22      EV: 24    Int: 16    God:    Dithmenos [*****.]
Gold:   0          SH:  0    Dex: 16    Spells: 22/26 levels left

rFire   . . .      SeeInvis +   h - +2 dagger
rCold   . . .      Faith    .   (no shield)
rNeg    . . .      Spirit   .   a - +0 robe
rPois   .          Reflect  .   (helmet restricted)
rElec   .          Harm     .   m - +0 cloak
rCorr   .          Rampage  .   (gloves unavailable)
Will    +....      NoTele   +   (boots unavailable)
Stlth   ++++++++..              (no amulet)
HPRegen 0.12/turn               (no ring)
MPRegen 0.18/turn               (no ring)

@: lethally poisoned (-4 -> -26), wreathed by umbra, very quick
A: very small, no large weapons, unfitting armour, see invisible, speed 3
a: Renounce Religion, Shadow Step, Shadow Form


You were in the Dungeon.
You worshipped Dithmenos.
Dithmenos was extremely pleased with you.
You visited 1 branch

Inventory:

Hand Weapons
 h - a +2 dagger (weapon)
Missiles
 j - 10 stones
Armour
 a - a +0 robe (worn)
 m - a +0 cloak (worn)
Scrolls
 g - a scroll of blinking
 k - 5 scrolls of amnesia
 l - a scroll of summoning
Potions
 b - 5 potions of magic
 c - 4 potions of curing
 d - 6 potions of heal wounds
 e - a potion of haste
 f - 3 potions of berserk rage
 i - 2 potions of invisibility


   Skills:
 + Level 8.5 Short Blades
 + Level 10.7 Dodging
 + Level 12.5 Stealth
 + Level 9.9 Spellcasting
 + Level 3.3 Conjurations
 - Level 1.3 Transmutations
 + Level 7.8 Earth Magic
 + Level 6.8 Invocations


You had 22 spell levels left.
You knew the following spells:

 Your Spells              Type           Power      Damage    Failure   Level
a - Sandblast             Erth           66%        2d15      1%          1
b - Stone Arrow           Conj/Erth      50%        3d10      2%          3

Your spell library contained the following spells:

 Spells                   Type           Power      Damage    Failure   Level
 Passwall                 Tmut/Erth      18%        N/A       1%          2
 Petrify                  Tmut/Erth      22%        N/A       14%         4


Dungeon Overview and Level Annotations

Branches:
Dungeon (1/1)

Altars:
Ashenzari
Cheibriados
Dithmenos
Elyvilon
Fedhas
Gozag
Hepliaklqana
Kikubaaqudgha
Makhleb
Nemelex Xobeh
Okawaru
Qazlal
Ru
Sif Muna
Trog
Uskayaw
Vehumet
Wu Jian
Xom
Yredelemnul
Zin
The Shining One
Jiyva
Lugonu


Innate Abilities, Weirdness & Mutations

You are very small and have problems with some larger weapons.
You are too small for most types of armour.
You have supernaturally acute eyesight. (SInv)
You cover ground extremely quickly. (Speed+++)


Message History

Your Conjurations skill increases to level 3!
Unknown command.
Unknown command.
Unknown command.
Unknown command.
Unknown command.
Unknown command.
You start resting.
HP restored.
You start resting.
You start resting.
Magic restored.
You start waiting.
A nagaraja is nearby!
A nagaraja is nearby!
A nagaraja is nearby!
Casting: Sandblast (safe; 1% risk of failure)
Confirm with . or Enter, or press ? or * to list all spells.
You can't see any susceptible monsters within range! (Use Z to cast anyway.)
Casting: Sandblast (safe; 1% risk of failure)
Confirm with . or Enter, or press ? or * to list all spells.
You can't see any susceptible monsters within range! (Use Z to cast anyway.) Unknown command.
Things that are here:
a +0 whip of electrocution; a +0 robe; the kobold corpse of Pikel
Casting: Sandblast (safe; 1% risk of failure)
Confirm with . or Enter, or press ? or * to list all spells.
Aiming: Stone Arrow (dangerous; 2% risk of failure)
Press: ? - help, Shift-Dir - straight line, f - nagaraja
Aim: a nagaraja, wielding a +0 spear and wearing a +0 robe (wandering, hasn't noticed you, umbra, 71% to hit)
The stone arrow hits the nagaraja!
The nagaraja is lightly wounded.
The nagaraja shouts!
Your shadow mimicks your spell!
The shadow shard misses the nagaraja.
The nagaraja points at you and mumbles some strange words.
The poison arrow hits you!!!
You are poisoned.
Ouch! That really hurt!
You die...

############
#_________.#
#_________.#
#_______...###########++
##########'##...........
#.?..')))'.##......#..#
##########.##..........
#...N...@...'...........
#†#####'#####......#..#.
#.#.....#[[##...........
#5#.....#))#####'#####+
#5###'###))##.......#
#.#.....#))##.......#
#.#.....#..##.......#
#.####'##'###...<...#
#.#........##.......#


You could see a nagaraja.

Vanquished Creatures
  Pikel (D)
  An elephant (D)
  A flying skull (D)
  A redback (D)
  A water moccasin (D)
  A floating eye (D)
  A sky beast (D)
  A phantom (D)
  A scorpion (D)
  A hound (D)
  Crazy Yiuf (D)
  An orc priest (D)
  An iguana (D)
  An orc wizard (D)
  An ufetubus (D)
  An orc (D)
  2 endoplasms (D)
  A hobgoblin (D)
  2 frilled lizards (D)
  A goblin (D)
  A rat (D)
23 creatures vanquished.

Notes
Turn   | Place    | Note
-------+----------+-------------------------------------------
     0 | D        | Groucho the Spriggan Earth Elementalist began the quest for
                  | the Orb.
     0 | D        | Reached XP level 1. HP: 9/9 MP: 5/5
    40 | D        | Found a glowing golden altar of the Shining One.
    40 | D        | Found a glowing silver altar of Zin.
    40 | D        | Found a basalt altar of Yredelemnul.
    40 | D        | Found a shimmering altar of Xom.
    40 | D        | Found an ornate altar of the Wu Jian Council.
    40 | D        | Found a bloodstained altar of Trog.
    40 | D        | Found a shimmering blue altar of Sif Muna.
    40 | D        | Found a sacrificial altar of Ru.
    40 | D        | Found a stormy altar of Qazlal.
    40 | D        | Found an iron altar of Okawaru.
    40 | D        | Found a sparkling altar of Nemelex Xobeh.
    40 | D        | Found a burning altar of Makhleb.
    40 | D        | Found a viscous altar of Jiyva.
    40 | D        | Found a hazy altar of Hepliaklqana.
    40 | D        | Found an opulent altar of Gozag.
    40 | D        | Found a blossoming altar of Fedhas.
    40 | D        | Found a white marble altar of Elyvilon.
    40 | D        | Found a shadowy altar of Dithmenos.
    40 | D        | Found a snail-covered altar of Cheibriados.
    41 | D        | Found a radiant altar of Vehumet.
    41 | D        | Found a corrupted altar of Lugonu.
    42 | D        | Found a hide-covered altar of Uskayaw.
    42 | D        | Found an ancient bone altar of Kikubaaqudgha.
    42 | D        | Found a broken altar of Ashenzari.
    47 | D        | Became a worshipper of Dithmenos the Shadowed
    72 | D        | Noticed a floating eye
    74 | D        | Killed a floating eye
    74 | D        | Reached * piety under Dithmenos
    75 | D        | Reached skill level 5 in Dodging
    75 | D        | Reached skill level 6 in Stealth
    75 | D        | Reached skill level 5 in Spellcasting
    75 | D        | Reached XP level 2. HP: 13/13 MP: 2/9
    75 | D        | Reached XP level 3. HP: 16/16 MP: 2/10
    75 | D        | Reached XP level 4. HP: 21/21 MP: 2/12
   344 | D        | Noticed a scorpion
   344 | D        | Noticed a phantom
   347 | D        | Killed a scorpion
   348 | D        | Reached skill level 7 in Stealth
   348 | D        | Reached XP level 5. HP: 24/24 MP: 12/14
   348 | D        | Reached ** piety under Dithmenos
   353 | D        | Killed a phantom
   354 | D        | Reached skill level 5 in Short Blades
   354 | D        | Reached skill level 8 in Stealth
   354 | D        | Reached skill level 5 in Earth Magic
   669 | D        | Noticed a water moccasin
   676 | D        | Reached *** piety under Dithmenos
   677 | D        | Reached skill level 9 in Stealth
   677 | D        | Reached XP level 6. HP: 28/28 MP: 17/17
   677 | D        | Killed a water moccasin
   681 | D        | Noticed a sky beast
   683 | D        | Killed a sky beast
   684 | D        | Reached skill level 10 in Stealth
   684 | D        | Noticed Crazy Yiuf
   686 | D        | Killed Crazy Yiuf
   686 | D        | Reached **** piety under Dithmenos
   687 | D        | Reached XP level 7. HP: 32/32 MP: 17/19
   702 | D        | Learned a level 3 spell: Stone Arrow
   705 | D        | Noticed an elephant
   707 | D        | Killed an elephant
   708 | D        | Reached skill level 11 in Stealth
   708 | D        | Reached skill level 5 in Invocations
   709 | D        | Noticed a flying skull
   715 | D        | Killed a flying skull
   715 | D        | Reached ***** piety under Dithmenos
   716 | D        | Reached skill level 10 in Dodging
   716 | D        | Reached XP level 8. HP: 36/36 MP: 20/22
   727 | D        | Noticed Pikel
   727 | D        | Noticed a nagaraja
   853 | D        | Killed Pikel
   854 | D        | Reached skill level 12 in Stealth
  1005 | D        | Killed from afar by a nagaraja

Illustrated notes

Levels and vault maps discovered:
D:        pitsprint [storerooms_1, entrance_room_1, metal_vault_7, armoury_1,
          mini_pit_1, grid_room_1, main_hall_1, silver_pit, the_coven_1,
          the_vestibule_1, steel_vault_2, golden_pit, hallway_of_sentries,
          crystal_vault_6, iron_vault_1, final_vault]

Skill      XL: |  1  2  3  4  5  6  7  8 |
---------------+-------------------------+-----
Dodging        | 5 6 7 8 10 | 10.7
Spellcasting   | 5 6 7 8 9 |  9.9
Earth Magic    | 4 5 6 7 |  7.8
Short Blades   | 3 4 5 6 7 8 |  8.5
Stealth        | 6 7 9 10 11 12 | 12.5
Invocations    | 2 3 4 6 |  6.8
Conjurations   | 2 3 |  3.3
Transmutations | |  1.3

Action                   |  1- 3 |  4- 6 |  7- 9 || total
-------------------------+-------+-------+-------++-------
Melee: Dagger            |     1 |     8 |     6 ||    15
 Cast: Sandblast         |     4 |     5 |     9 ||    18
       Stone Arrow       |       |       |     9 ||     9
  Use: Potion            |       |       |     2 ||     2
 Stab: Sleeping          |     1 |     8 |     5 ||    14
Dodge: Dodged            |       |     2 |    17 ||    19
